 Dungeon Crawl Stone Soup version 0.32-a0-859-gb0a091d592 (webtiles) character file.

Game seed: 17681135355052002557

359 epen the Chiller (level 6, -5/5 HPs)
             Began as an Octopode Ice Elementalist on Mar 27, 2024.
             Splashed by a jelly's acid (8 damage)
             ... on level 4 of the Dungeon.
             The game lasted 00:06:43 (3411 turns).

epen the Chiller (Octopode Ice Elementalist)        Turns: 3411, Time: 00:06:44

Health: -5/5       AC:  3    Str:  8    XL:     6   Next: 65%
Magic:  10/10      EV: 12    Int: 17    God:
Gold:   106        SH:  0    Dex: 14    Spells: 4/11 levels left

rFire   . .          .
                       - Unarmed
rCold   . . .        (no shield)
rNeg    + . .        (helmet restricted)
rPois   ∞            (no amulet)
rElec   +            (no ring)
rCorr   .            (no ring)
SInv    .            (no ring)
Will    .....        (no ring)
Stlth   +++          (no ring)
HPRegen 0.20/turn    (no ring)
MPRegen 0.12/turn    (no ring)
                     (no ring)

%: no passive effects
@: statue-form, corroded, very slow
A: slow and powerful, torment resistance 1, reduced hp, almost no armour,
amphibious, 8 rings, camouflage 1, (gelatinous body 1), (nimble swimmer 1),
tentacles
a: Begin Untransformation


You were on level 4 of the Dungeon.
You were a living statue of rough stone.
You visited 1 branch of the dungeon, and saw 4 of its levels.

You collected 176 gold pieces.
You spent 70 gold pieces at shops.

Inventory:

Hand Weapons
 e - a +2 dagger of draining
Missiles
 j - 3 datura-tipped darts
Jewellery
 c - an amulet of guardian spirit
Talismans
 p - a granite talisman (active)
Wands
 b - a wand of paralysis (12)
Scrolls
 g - a scroll of noise
 i - a scroll of silence {unknown}
 k - a scroll of fog {unknown}
 n - a scroll of brand weapon {unknown}
 o - a scroll of identify
Potions
 a - a potion of magic
 d - a potion of resistance {unknown}
 f - a potion of berserk rage {unknown}
 h - 2 potions of attraction
 l - a potion of heal wounds
 m - a potion of enlightenment {unknown}


   Skills:
 + Level 2.2 Fighting
 + Level 3.2 Dodging
 - Level 2.6 Stealth
 * Level 3.7 Unarmed Combat
 + Level 3.0 Spellcasting
 + Level 4.8 Ice Magic


You had 4 spell levels left.
You knew the following spells:

 Your Spells              Type           Power      Damage    Failure   Level
a - Freeze                Ice            72%        1d8       2%          1
b - Frozen Ramparts       Ice            36%        1d6       8%          3
c - Ozocubu's Armour      Ice            18%        N/A       8%          3

Your spell library contained the following spells:

 Spells                   Type           Power      Damage    Failure   Level
 Summon Ice Beast         Ice/Summ       10%        N/A       19%         3
 Call Imp                 Summ           4%         N/A       26%         2
 Dazzling Flash           Conj/Hex       4%         N/A       45%         3
 Animate Dead             Necr           2%         N/A       86%         4
 Borgnjor's Vile Clutch   Necr/Erth      1%         N/A       99%         5
 Death Channel            Necr           1%         N/A       100%        6
 Starburst                Conj/Fire      1%         6d3       100%        6
 Summon Hydra             Summ           1%         N/A       100%        7
 Maxwell's Capacitive Co  Air            1%         ∞         100%        8
 Sublimation of Blood     Necr           Unusable   N/A       N/A         2

Dungeon Overview and Level Annotations

Branches:
Dungeon (4/15)
 Temple: D:4-7

Altars:
Fedhas
Xom
The Shining One

Shops:
D:2 !


Innate Abilities, Weirdness & Mutations

You are a living statue of rough stone.
Your actions are slow, but your melee attacks are powerful.
You are resistant to unholy torment.
Your maximum health is decreased, since you lack skill for your form.
You cannot wear most types of armour.
You are amphibious.
You can wear up to eight rings at the same time.
You are immune to poison.
Your skin changes colour to match your surroundings (Stealth+).
((Your rubbery body absorbs attacks. (AC +1, EV +1)))
((You are camouflaged when in or above water. (Stealth+)))
You have tentacles for arms and can constrict up to eight enemies at once.


Message History

You see here a +0 robe.
There is a stone staircase leading down here.
You climb downwards.
There is a stone staircase leading up here.
An orc comes into view. It is wielding a +0 hand axe.
You tentacle-slap the orc. Your grab misses the orc.
The orc is lightly wounded.
The orc barely misses you.
You barely miss the orc. You grab the orc.
The orc is lightly wounded.
You constrict the orc. The orc misses you.
You tentacle-slap the orc.
You kill the orc!
Unknown command.
You now have 106 gold pieces (gained 19).
You see here a +0 hand axe.
Done exploring.
You see here a ball python skeleton.
There is a stone staircase leading down here.
You climb downwards.
There is a stone staircase leading up here.
You see here a granite talisman.
p - a granite talisman You can't see any susceptible monsters within range! (Use Z to cast anyway.) Sorry, you're not good enough to have a special ability.
Attack: -) Tentacles
Press: ? - help, Dir - move target, f - you
Okay, then.
You begin transforming.
You continue transforming. x3
You turn into a living statue of rough stone.
HP restored.
You start waiting.
A jelly is nearby!
Found a whip.
No target in view!
Found a scroll of identify and a runed helmet.
The jelly quivers.
The jelly hits you. The acid corrodes you!
You are splashed with acid!
Ouch! That really hurt!
You die...

....####.........
##.....#.....###. ####
#.........#..#### ##.#.#
##.....###....
#.....###......##.##.#
......#...#.......##.##
#....?...###.........<##
#.......#.....##......#
#.)JI................
#....#.......#.......
####.##.#..###.......
..##.######.......
##....# #........ ##...[
##....... #... ###...#..
###.. ....###..
#.....#...


You could see a jelly.

Vanquished Creatures
  A black bear (D:4)
  A sleepcap (D:3)
  Jessica (D:2)
  Ijyb (D:3)
  Robin (D:2)
  6 adders
  A white imp (D:3)
  A ribbon worm (D:2)
  A dart slug (D:1)
  8 orcs
  10 ball pythons
  8 bats
  10 endoplasms
  6 giant cockroaches
  10 goblins
  9 hobgoblins
  3 jackals (D:3)
  3 quokkas
  2 frilled lizards (D:2)
  A goblin skeleton (D:3)
  3 goblin zombies (D:3)
  3 hobgoblin zombies (D:3)
  8 kobolds
  A kobold skeleton (D:3)
  An orc zombie (D:3)
  5 rats
105 creatures vanquished.

Notes
Turn   | Place    | Note
-------+----------+-------------------------------------------
     0 | D:1      | epen the Octopode Ice Elementalist began the quest for the
                  | Orb.
     0 | D:1      | Reached XP level 1. HP: 11/11 MP: 3/3
    83 | D:1      | Reached XP level 2. HP: 16/17 MP: 5/5
   141 | D:1      | Reached skill level 1 in Unarmed Combat
   959 | D:2      | Reached XP level 3. HP: 22/22 MP: 6/6
   991 | D:2      | Learned a level 3 spell: Frozen Ramparts
  1049 | D:2      | You fall into a shaft and drop 1 floor!
  1067 | D:3      | Reached skill level 1 in Fighting
  1129 | D:3      | Found a glowing golden altar of the Shining One.
  1179 | D:3      | Noticed Ijyb
  1185 | D:3      | Paralysed by Ijyb for 4 turns
  1192 | D:3      | Killed Ijyb
  1193 | D:3      | Reached XP level 4. HP: 14/28 MP: 3/7
  1511 | D:2      | Noticed Jessica
  1525 | D:2      | HP: 1/28 [Jessica/nerve-wracking pain (7)]
  1650 | D:2      | Found a shimmering altar of Xom.
  1679 | D:2      | Killed Jessica
  1680 | D:2      | Reached XP level 5. HP: 33/33 MP: 4/8
  1681 | D:2      | Found Tegheablets's Distillery.
  1715 | D:2      | Bought a potion of heal wounds for 70 gold pieces
  1823 | D:2      | Noticed Robin
  1836 | D:2      | Killed Robin
  1842 | D:2      | Learned a level 3 spell: Ozocubu's Armour
  2242 | D:3      | Found a blossoming altar of Fedhas.
  2429 | D:3      | Reached XP level 6. HP: 27/39 MP: 10/10
  2999 | D:4      | Noticed a black bear
  3007 | D:4      | Killed a black bear
  3411 | D:4      | Splashed by a jelly's acid

Illustrated notes

Levels and vault maps discovered:
D:1:      doesnt_arrival_eight_statues, layout_basic, serial_glass,
          glass_columns_c, glass_columns_a, nicolae_kite_square_tiling_tiny,
          st_stairs_11, kennysheep_decorative_pillar, minmay_pentomino_o4
D:2:      layout_basic, serial_glass, glass_columns_b, glass_columns_a,
          item_on_display_a, serial_shops, nicolae_shop_tiny_statue_garden,
          basic_altar, uniq_jessica, uniq_robin
D:3:      layout_rooms, nicolae_tso_besieged_by_evil, fedhas_altar_fruit_tree,
          minmay_three_crescents, uniq_ijyb
D:4:      layout_cave_pools

Skill      XL: |  1  2  3  4  5  6 |
---------------+-------------------+-----
Unarmed Combat | 1 2 3 |  3.7
Fighting       | 1 2 |  2.2
Dodging        | 3 |  3.2
Spellcasting   | 3 |  3.0
Stealth        | |  2.6
Ice Magic      | |  4.8

Action                     |  1- 3 |  4- 6 || total
---------------------------+-------+-------++-------
  Melee: Unarmed           |    71 |   113 ||   184
         Tentacles         |    21 |    25 ||    46
         Constrict         |    28 |    35 ||    63
         Punch             |     1 |     4 ||     5
   Cast: Freeze            |     4 |       ||     4
         Frozen Ramparts   |     3 |     8 ||    11
    Use: Potion            |     1 |     1 ||     2
         Scroll            |     1 |     4 ||     5
   Stab: Sleeping          |    11 |    12 ||    23
 Armour: Skin              |    40 |    51 ||    91
  Dodge: Dodged            |    44 |    57 ||   101
   Form: Statue            |       |     1 ||     1

Table legend: (Time is in decaauts)
 A = Elapsed time spent in this place.
 B = Non-inter-level travel time spent in this place.
 C = Inter-level travel time spent in this place.
 D = Time resting spent in this place.
 E = Time spent auto-exploring this place.
 F = Levels seen in this place.
 G = Mean time per level.
                   A        B        C        D        E       F      G
               +--------+--------+--------+--------+--------+-----+--------+
         Total |   3439 |   3214 |    225 |    465 |   2056 |   4 |  859.8 |
       Dungeon |   3439 |   3214 |    225 |    465 |   2056 |   4 |  859.8 |
               +--------+--------+--------+--------+--------+-----+--------+

Top non-repeatable levels by time:
     D:2: 1057 daAuts
     D:3: 942 daAuts
     D:1: 921 daAuts
     D:4: 518 daAuts
